 Dungeon Crawl Stone Soup version 0.17.0-23-g0de4337 (webtiles) character file.

96 grisnicke the Digger (level 4, 0/24 HPs)
             Began as a Gargoyle Earth Elementalist on Nov 13, 2015.
             Killed by divine providence
             ... invoked by an orc priest
              (15 damage)
             ... on level 3 of the Dungeon.
             The game lasted 00:22:01 (2816 turns).

grisnicke the Digger (Gargoyle Earth Elementalist)  Turns: 2816, Time: 00:22:01

Health: 0/24       AC: 10    Str: 12    XL:     4   Next: 67%
Magic:  2/7        EV: 11    Int: 16    God:
Gold:   117        SH:  0    Dex: 10    Spells: 3 memorised, 1 level left

rFire  . . .     SeeInvis .     a - +0 whip
rCold  + . .     Clarity  .     w - +3 leather armour {rC+}
rNeg   + . .     SustAt   .     (no shield)
rPois  ∞         Gourm    .     (no helmet)
rElec  +         Spirit   .     (no cloak)
rCorr  .         Warding  .     (no gloves)
rMut   .         Stasis   .     y - +0 pair of boots
MR     .....                    (no amulet)
Stlth  ++........               (no ring)
                                (no ring)

@: not resistant to hostile enchantments, unstealthy
A: negative energy resistance 1, electricity resistance, unbreathing,
petrification resistance, rot immunity, AC +3
a: no special abilities


You were on level 3 of the Dungeon.
You were not hungry.

You visited 1 branch of the dungeon, and saw 3 of its levels.

You collected 117 gold pieces.

Inventory:

Hand Weapons
 a - a +0 whip (weapon)
 b - a +0 hunting sling
 e - a +0 mace
 z - a +0 blowgun
 A - a +2 vampiric short sword
Missiles
 l - 106 stones (quivered)
 q - 7 sling bullets
 B - 3 poisoned needles
 C - 2 tomahawks of dispersal
 D - an exploding tomahawk
Armour
 w - a +3 leather armour of cold resistance (worn)
 y - a +0 pair of boots (worn)
Jewellery
 s - an uncursed ring of fire
Scrolls
 f - 2 scrolls of amnesia {unknown}
 g - a scroll of enchant armour {unknown}
 h - 4 scrolls of remove curse {unknown}
 i - a scroll of immolation {unknown}
 k - a scroll of blinking {unknown}
 n - a scroll of fog {unknown}
 p - 2 scrolls of teleportation {unknown}
 r - a scroll of identify {unknown}
 u - a scroll of noise {unknown}
Potions
 m - a potion of cancellation {unknown}
 o - 2 potions of ambrosia {unknown}
 t - a potion of curing {unknown}
 v - a potion of cure mutation {unknown}
 x - a potion of resistance {unknown}
Books
 c - a book of Geomancy

   Spells                             Type                      Level
   a - Sandblast                      Earth                        1
   b - Stoneskin                      Transmutation/Earth          2
   c - Passwall                       Transmutation/Earth          3
   d - Stone Arrow                    Conjuration/Earth            3
   e - Petrify                        Transmutation/Earth          4
   f - Lee's Rapid Deconstruction     Earth                        5
Comestibles
 d - 3 bread rations
 j - 7 chunks of flesh


   Skills:
 - Level 1.5 Maces & Flails
 - Level 1.7 Dodging
 - Level 2.1 Stealth
 - Level 2.0 Spellcasting
 + Level 2.5 Conjurations
 - Level 0.7 Transmutations
 - Level 4.9 Earth Magic


You had one spell level left.
You knew the following spells:

 Your Spells              Type           Power        Failure   Level  Hunger
a - Sandblast             Erth           ###...       4%          1    #......
b - Stone Arrow           Conj/Erth      ##....       21%         3    ###....
c - Stoneskin             Trmt/Erth      ##......     14%         2    ###....


Dungeon Overview and Level Annotations

Branches:
Dungeon (3/15)

Altars:
Fedhas
Vehumet
Xom

Annotations:
D:3 exclusion: ice beast


Innate Abilities, Weirdness & Mutations

You are resistant to torment.
Your stone body is resilient (AC +3).
You are immune to poison.
You resist negative energy.
You are resistant to electric shocks.
You can survive without breathing.
You are immune to petrification.
You are immune to rotting.


Message History

The blast of sand hits the orc priest.
The orc priest is almost dead.
Casting: Sandblast
Confirm with . or Enter, or press ? or * to list all spells.
Aiming: Sandblast
Press: ? - help, Shift-Dir - straight line, f/p - orc priest
Aim: an orc priest, wielding a dagger (almost dead)
The blast of sand hits the orc priest.
The orc priest is almost dead.
The orc priest barely misses you.
You barely miss the orc priest.
The orc priest is almost dead.
The orc priest invokes the aid of Beogh against you.
Pain shoots through your body!
You hit the orc priest but do no damage.
The orc priest is almost dead.
The orc priest invokes the aid of Beogh against you.
Something smites you!
Ouch! That really hurt!
You die...

##### ##########
#...###.........
..##########...............
..........>....####.####.##
.#######...#######..# .....
##......@o..(.#...... ####
#....#######.(#...... ...#
#)#### ##....._.. . #.# #.#
#.#.......# #.# #.#
#.#....)..# #.# #o# #.#
..... ##.# #.# #.####.####
##.# #.# #.......... ##.#
#.# ##..###...


You could see an orc priest.

Vanquished Creatures
  An adder (D:2)
  6 worms
  6 orcs (D:3)
  11 bats
  A giant cockroach (D:2)
  8 goblins
  6 hobgoblins
  3 jackals (D:3)
  A quokka (D:3)
  A giant gecko (D:3)
  2 giant newts (D:2)
  10 kobolds
  8 rats
64 creatures vanquished.

Notes
Turn   | Place    | Note
--------------------------------------------------------------
     0 | D:1      | grisnicke the Gargoyle Earth Elementalist began the quest for the Orb.
     0 | D:1      | Reached XP level 1. HP: 10/10 MP: 3/3
   116 | D:1      | Found a shimmering altar of Xom.
   191 | D:1      | Reached skill level 4 in Earth Magic
   193 | D:1      | Reached XP level 2. HP: 13/15 MP: 3/5
   900 | D:2      | Reached XP level 3. HP: 16/19 MP: 6/6
   943 | D:2      | Learned a level 3 spell: Stone Arrow
   946 | D:2      | Learned a level 2 spell: Stoneskin
  1055 | D:2      | Found a blossoming altar of Fedhas.
  1632 | D:2      | Reached skill level 1 in Maces & Flails
  1632 | D:2      | Reached skill level 1 in Conjurations
  1854 | D:3      | Reached XP level 4. HP: 24/24 MP: 4/7
  2279 | D:3      | Noticed an ice beast
  2408 | D:3      | Found a radiant altar of Vehumet.
  2816 | D:3      | Killed from afar by an orc priest

Action                   |  1- 3 |  4- 6 || total
-------------------------+-------+-------++-------
Melee: Whip              |    12 |    66 ||    78
       Mace              |    72 |     4 ||    76
 Fire: Hunting sling     |    36 |    23 ||    59
 Cast: Sandblast         |    28 |    18 ||    46
       Stone Arrow       |       |     3 ||     3
       Stoneskin         |       |     1 ||     1
 Stab: Sleeping          |     2 |     1 ||     3
  Eat: Chunk             |     3 |     4 ||     7
